 Dungeon Crawl Stone Soup version 0.21-a0-154-gb5400c9 (webtiles) character file.

287 qqqbard the Cudgeler (level 6, 0/39 HPs)
             Began as a Gargoyle Berserker on Aug 2, 2017.
             Was a Believer of Trog.
             Killed from afar by an orc wizard (8 damage)
             ... with a magic dart
             ... on level 3 of the Dungeon.
             The game lasted 00:04:44 (2639 turns).

qqqbard the Cudgeler (Gargoyle Berserker)           Turns: 2639, Time: 00:04:45

Health: 0/39       AC: 11    Str: 21    XL:     6   Next: 30%
Magic:  6/6        EV: 10    Int:  8    God:    Trog [**....]
Gold:   124        SH:  0    Dex: 10    Spells: 5/5 levels left

rFire    . . .     SeeInvis .   a - +0 mace
rCold    . . .     Gourm    .   (no shield)
rNeg     + . .     Faith    .   s - +0 scale mail (curse)
rPois    ∞         Spirit   .   (no helmet)
rElec    +         Reflect  .   (no cloak)
rCorr    .         Harm     .   (no gloves)
MR       .....                  (no boots)
Stlth    ..........             (no amulet)
HPRegen  0.13/turn              (no ring)
MPRegen  0.10/turn              (no ring)

@: no status effects
A: negative energy resistance 1, electricity resistance, unbreathing,
petrification resistance, rot immunity, AC +4
a: Berserk, Trog's Hand, Burn Spellbooks, Renounce Religion


You were on level 3 of the Dungeon.
You worshipped Trog.
Trog was pleased with you.
You were not hungry.

You visited 1 branch of the dungeon, and saw 3 of its levels.

You collected 124 gold pieces.

Inventory:

Hand Weapons
 a - a +0 mace (weapon)
Armour
 s - a cursed +0 scale mail (worn)
Jewellery
 i - an uncursed amulet of the gourmand {unknown}
Wands
 p - a wand of lightning (1/15)
Scrolls
 e - a scroll of random uselessness {unknown}
 h - 4 scrolls of remove curse
 j - 2 scrolls of recharging {unknown}
 l - a scroll of teleportation
 m - a scroll of fog
 q - a scroll of enchant armour {unknown}
 r - a scroll of identify {unknown}
Potions
 b - a potion of ambrosia {unknown}
 d - a potion of flight {unknown}
 k - 2 potions of curing {unknown}
 o - a potion of agility {unknown}
Comestibles
 c - a bread ration
 g - a royal jelly


   Skills:
 + Level 4.4 Fighting
 * Level 5.1 Maces & Flails
 + Level 3.5 Armour
 + Level 2.5 Dodging


You had 5 spell levels left.
You didn't know any spells.

Dungeon Overview and Level Annotations

Branches:
Dungeon (3/15)

Altars:
Ru
Wu Jian
Yredelemnul


Innate Abilities, Weirdness & Mutations

You are resistant to torment.
Your stone body is resilient. (AC +4)
You are immune to poison.
You resist negative energy. (rN+)
You are resistant to electric shocks. (rElec)
You can survive without breathing.
You are immune to petrification.
You are immune to rotting.


Message History

You're too confused!
You're too confused!
You bump into the rock wall.
Something hits you but does no damage.
You bump into the rock wall.
You hear some strange, mumbled words.
A magic dart appears from out of thin air!
The magic dart hits you!
You're too confused to move!
Something hits you.
* * * LOW HITPOINT WARNING * * *
You're too confused to move!
You feel less confused.
You hear some strange, mumbled words.
A puff of flame appears from out of thin air!
The puff of flame hits you!
* * * LOW HITPOINT WARNING * * *
You barely miss something.
You hear some strange, mumbled words.
A magic dart appears from out of thin air!
The magic dart hits you!
You die...

#.<....###...
.$...######...<..##
....<...........#
...##.####..##.## ...
.........# #.#
#...........## #o#
#............. #{#
#............. #@#
#.............
#.###...###.[..#..
#)#.....####......
#.................
#.........##......
####.#.....####.<....
#.......#######.)..#.
#...######...........
#(### #.####....#.


You could see an orc.

Vanquished Creatures
  A scorpion (D:3)
  Jessica (D:2)
  Natasha (thrice) (D:3)
  7 adders
  5 worms
  2 dart slugs
  3 leopard geckos (D:3)
  4 orcs (D:3)
  A ball python (D:1)
  2 bats (D:2)
  2 giant cockroaches
  8 goblins
  2 hobgoblins
  4 kobolds
  4 quokkas
  5 frilled lizards
  6 rats
  A spectral orc (D:3)
61 creatures vanquished.

Notes
Turn   | Place    | Note
-------+----------+-------------------------------------------
     0 | D:1      | qqqbard the Gargoyle Berserker began the quest for the Orb.
     0 | D:1      | Reached XP level 1. HP: 14/14 MP: 1/1
   487 | D:1      | Reached XP level 2. HP: 19/19 MP: 2/2
  1000 | D:2      | Reached XP level 3. HP: 23/23 MP: 3/3
  1086 | D:2      | Found a sacrificial altar of Ru.
  1274 | D:2      | Reached XP level 4. HP: 23/29 MP: 4/4
  1423 | D:2      | Reached ** piety under Trog
  1469 | D:2      | Noticed Jessica
  1474 | D:2      | Killed Jessica
  1474 | D:2      | Reached skill level 4 in Maces & Flails
  1731 | D:3      | Noticed Natasha
  1745 | D:3      | Killed Natasha
  1745 | D:3      | Reached XP level 5. HP: 5/33 MP: 5/5
  2006 | D:3      | Noticed Natasha
  2013 | D:3      | Killed Natasha
  2274 | D:3      | Found an ornate altar of the Wu Jian Council.
  2286 | D:3      | Reached XP level 6. HP: 39/39 MP: 6/6
  2349 | D:3      | Found a basalt altar of Yredelemnul.
  2536 | D:3      | Reached skill level 5 in Maces & Flails
  2606 | D:3      | Noticed Natasha
  2622 | D:3      | Killed Natasha
  2639 | D:3      | Killed from afar by an orc wizard

Vault maps used:
D:1:      scummos_arrival_hexagon
D:2:      overflow_temple_1_default, uniq_jessica
D:3:      lemuel_crystal_altar, yredelemnul_forgotten_temple_becter,
          trog_wizard, uniq_natasha

Skill      XL: |  1  2  3  4  5  6 |
---------------+-------------------+-----
Dodging        | 2 |  2.5
Fighting       | 4 |  4.4
Maces & Flails | 4 5 |  5.1
Armour         | 3 |  3.5

Action                   |  1- 3 |  4- 6 || total
-------------------------+-------+-------++-------
Melee: Mace              |   101 |   160 ||   261
Invok: Berserk           |     1 |     1 ||     2
  Use: Scroll            |     2 |     3 ||     5
  Eat: Chunk             |     2 |     6 ||     8
Armor: Leather armour    |    38 |    36 ||    74
       Scale mail        |       |    23 ||    23
Dodge: Dodged            |    61 |   103 ||   164
